 Dungeon Sprint DCSS version 0.26-a0-958-gf3041fb45f (webtiles) character file.

Game seed: 13082553569985618823

57923 iamoutofideas the Archmage (level 13, -15/69 HPs)
             Began as a Deep Elf Fire Elementalist on Dec 1, 2020.
             Was the Champion of Vehumet.
             Hit by a large rock thrown by Polyphemus (29 damage)
             ... in the Dungeon (Sprint III: "The Ten Rune Challenge").
             The game lasted 00:30:54 (7659 turns).

iamoutofideas the Archmage (DEFE)                   Turns: 7659, Time: 00:30:56

Health: -15/69     AC:  7    Str:  5    XL:     13   Next: 98%
Magic:  27/46      EV: 17    Int: 29    God:    Vehumet [******]
Gold:   1561       SH:  4    Dex:  8    Spells: 5/66 levels left

rFire    . . .     SeeInvis .   w - +6 mace of Wufoaps {flame, rC++ Int+3 Dex-2 Stlth+}
rCold    + + +     Faith    .   E - +0 buckler
rNeg     + . .     Spirit   .   x - +1 robe {rPois}
rPois    +         Reflect  .   r - +2 hat {MR+}
rElec    +         Harm     .   (no cloak)
rCorr    .         Rampage  .   (no gloves)
MR       ++...     NoTele   +   (no boots)
Stlth    ++++......             d - amulet of the acrobat
HPRegen  0.00/turn              y - ring of Jaing {rElec rPois rC++ Dex-5 Slay+4}
MPRegen  0.30/turn              c - ring of positive energy

@: no status effects
A: iridescent scales 1, inhibited regeneration
}: 1/10 runes: decaying
a: Renounce Religion


You were in the Dungeon.
You worshipped Vehumet.
Vehumet was exalted by your worship.
You visited 1 branch You collected 2543 gold pieces.
You spent 982 gold pieces at shops.

Inventory:

Hand Weapons
 i - a +6 club
 v - a +2 short sword of venom
 w - the +6 mace of Wufoaps (weapon) {flame, rC++ Int+3 Dex-2 Stlth+}
   (You took it off a deep elf annihilator in the Dungeon)

   It has been specially enchanted to burn those struck by it, causing extra
   injury to most foes and up to half again as much damage against particularly
   susceptible opponents.
   It affects your intelligence (+3).
   It affects your dexterity (-2).
   It greatly protects you from cold.
   It makes you more stealthy.
 G - the +1 hand axe of Wounding {freeze, Str+4 Int+4}
   (You found it in the Dungeon)

   It has been specially enchanted to freeze those struck by it, causing extra
   injury to most foes and up to half again as much damage against particularly
   susceptible opponents.
   It can also slow down cold-blooded creatures.
   It affects your strength (+4).
   It affects your intelligence (+4).
Armour
 a - a +0 robe
 r - a +2 hat of magic resistance (worn)
 t - a +3 leather armour of cold resistance
 x - a +1 robe of poison resistance (worn)
 E - a +0 buckler (worn)
Magical Staves
 B - an uncursed staff of conjuration
 F - an uncursed staff of cold
Jewellery
 c - a ring of positive energy (right hand)
 d - an amulet of the acrobat (around neck)
 q - an uncursed ring of fire
 s - an uncursed ring of positive energy
 u - an uncursed ring of protection from magic
 y - the ring of Jaing (left hand) {rElec rPois rC++ Dex-5 Slay+4}
   (You found it in the Dungeon)

   [ring of poison resistance]

   It affects your dexterity (-5).
   It affects your accuracy and damage with ranged weapons and melee attacks
   (+4).
   It greatly protects you from cold.
   It insulates you from electricity.
   It protects you from poison.
 z - the ring of Intercession {Fire *Contam Str+6 Stlth+}
   (You found it in the Dungeon)

   [ring of fire]

   It enhances your fire magic.
   It affects your strength (+6).
   It protects you from fire.
   It makes you vulnerable to cold.
   It causes magical contamination when unequipped.
   It makes you more stealthy.
Wands
 o - a wand of disintegration (19)
 A - a wand of digging (4)
Scrolls
 f - 5 scrolls of silence
 h - 2 scrolls of fear
 j - 3 scrolls of immolation
 k - 7 scrolls of identify
 l - 5 scrolls of remove curse
 n - a scroll of holy word
 H - a scroll of blinking
Potions
 b - a potion of ambrosia
 e - 2 potions of haste
 g - 2 potions of berserk rage
 m - a potion of flight
 I - 2 potions of attraction
Miscellaneous
 p - a condenser vane
 C - a lightning rod (4/4)
 D - a tin of tremorstones (2/2)


   Skills:
 * Level 3.6 Fighting
 * Level 13.1 Dodging
 - Level 5.2 Stealth
 - Level 4.0 Shields
 O Level 27 Spellcasting
 + Level 19.0 Conjurations
 + Level 1.7 Hexes
 + Level 1.3 Translocations
 + Level 18.3 Fire Magic
 - Level 8.0 Ice Magic
 - Level 6.9 Air Magic
 + Level 7.8 Earth Magic
 - Level 0.1 Poison Magic


You had 5 spell levels left.
You knew the following spells:

 Your Spells              Type           Power        Failure   Level
a - Foxfire               Conj/Fire      ####         0%          1
b - Bolt of Magma         Conj/Fire/Erth #######...   1%          5
c - Conjure Flame         Conj/Fire      #######.     0%          3
d - Fireball              Conj/Fire      #######...   0%          5
e - Sticky Flame          Conj/Fire      #######.     0%          4
f - Lehudib's Crystal Sp  Conj/Erth      #######...   4%          8
g - Ignition              Fire           #######...   1%          8
h - Stone Arrow           Conj/Erth      ######       0%          3
i - Freezing Cloud        Conj/Ice/Air   #######...   1%          6
j - Ozocubu's Refrigerat  Ice            ######....   1%          6
k - Mephitic Cloud        Conj/Pois/Air  ######..     1%          3
l - Blink                 Tloc           N/A          1%          2
m - Metabolic Englaciati  Hex/Ice        ######....   2%          5
n - Swiftness             Air            ######..     1%          2

Your spell library contained the following spells:

 Spells                   Type           Power        Failure   Level
 Shatter                  Erth           ######....   99%         9
 Tornado                  Air            ######....   100%        9
 Magic Dart               Conj           ####         0%          1
 Call Imp                 Summ           #####...     1%          2
 Corpse Rot               Necr/Air       N/A          1%          2
 Slow                     Hex            #####...     1%          2
 Sublimation of Blood     Necr           #####.....   1%          2
 Dazzling Flash           Conj/Hex       ######       1%          3
 Inner Flame              Hex/Fire       #######.     1%          3
 Airstrike                Air            ######....   1%          4
 Hailstorm                Conj/Ice       #######.     1%          4
 Ice Form                 Ice/Tmut       ######..     1%          4
 Irradiate                Conj/Tmut      #######...   1%          5
 Silence                  Hex/Air        ######....   3%          5
 Dispel Undead            Necr           #####...     6%          4
 Summon Mana Viper        Hex/Summ       #####...     13%         5
 Summon Forest            Summ/Tloc      #####.....   14%         5
 Agony                    Necr           #####...     19%         5
 Excruciating Wounds      Necr           #####.....   19%         5
 Summon Demon             Summ           #####.....   19%         5
 Simulacrum               Ice/Necr       ######....   19%         6
 Statue Form              Tmut/Erth      ######...    21%         6
 Hydra Form               Tmut           #####.....   69%         6
 Shadow Creatures         Summ           N/A          69%         6
 Dragon Form              Tmut           #####.....   99%         7
 Summon Hydra             Summ           #####.....   99%         7


Dungeon Overview and Level Annotations

Branches:
Dungeon (1/1)

Altars:
Cheibriados
Dithmenos
Elyvilon
Fedhas
Gozag
Hepliaklqana
Kikubaaqudgha
Makhleb
Nemelex Xobeh
Okawaru
Qazlal
Ru
Sif Muna
Trog
Uskayaw
Vehumet
Wu Jian
Xom
Yredelemnul
Zin
The Shining One
Beogh
Jiyva
Lugonu

Shops:
D =?[?=[!

Annotations:
D Polyphemus


Innate Abilities, Weirdness & Mutations

You are partially covered in iridescent scales. (AC +2)
You do not regenerate when monsters are visible.


Message History

Confirm with . or Enter, or press ? or * to list all spells.
Aiming: Mephitic Cloud (safe; 1% risk of failure)
Press: ? - help, Shift-Dir - straight line, p - Polyphemus
Okay, then.
Casting: Mephitic Cloud (safe; 1% risk of failure)
Confirm with . or Enter, or press ? or * to list all spells.
Okay, then.
Casting: Mephitic Cloud (safe; 1% risk of failure)
Confirm with . or Enter, or press ? or * to list all spells.
Okay, then.
Casting: Mephitic Cloud (safe; 1% risk of failure)
Confirm with . or Enter, or press ? or * to list all spells.
Aiming: Fireball (safe; 0% risk of failure)
Press: ? - help, Shift-Dir - straight line, f/p - Polyphemus
Aim: Polyphemus, quivering 5 large rocks (steam, water, severely wounded)
The fireball explodes!
The fireball engulfs Polyphemus!!
Polyphemus is almost dead.
Polyphemus is engulfed in a cloud of scalding steam.
Polyphemus throws a large rock.
The large rock hits you!!
You die...

##)#####...#.....)#,,,,,*+***≈≈≈≈
...##(.....#♣♣♣._†#,,,,,*,,,*,≈≈≈
#####'#############+*****,,,***≈≈
▓≈≈≈≈≈≈≈≈≈≈≈≈▓*,,,,,+,,,+,*,*
▓≈≈≈≈≈≈≈≈≈≈≈≈▓*,************* ##
▓≈≈≈..≈≈≈≈≈..▓*,*,,,,,,,,,,,+ .#
▓≈≈....≈≈≈...▓*,*,,,,,,,***** .#
▓≈≈≈..≈≈≈≈≈.(▓*,*,,,,,***,∩⌠⌠ .#
▓≈≈≈≈≈≈≈≈≈≈.@▓*,*,,,***,*,∩⌠⌠
##♣♣▓≈≈≈≈≈≈≈≈≈≈≈.▓*,*,***,,,*,,∩∩
#..♣▓..≈≈≈≈≈≈≈≈≈≈▓*,*+*,,,,,*,∩∩∩
..♣*▓...≈≈≈≈≈≈≈≈≈▓*,*,,,,,,,*,,,,
..♣ ▓....≈≈§≈§≈≈.▓*,*,,,,,,,***++
..♣♣▓...≈≈§§§§≈.∩▓*,,,,,,,,,*,8,,
.≈.♣▓.≈≈≈≈§C§§≈.∩▓*********,*,,,,
≈≈..▓≈≈≈≈≈§§§≈≈.∩▓*,*,*,*,*,,,,,,
∩∩♣♣▓,≈≈≈≈≈≈≈≈,,,**,,,,,,,,,,,,,,


You could see Polyphemus.

Vanquished Creatures
  the Lernaean hydra (D)
  Sigmund (D)
  Rupert (D)
  A deep elf master archer (D)
  Gastronok (D)
  Ilsuiw (D)
  2 deep elf demonologists (D)
  2 dire elephants (D)
  2 deep elf annihilators (D)
  A merfolk javelineer (D)
  Erolcha (D)
  2 deep elf high priests (D)
  A hydra (D)
  4 death yaks (D)
  Urug (D)
  A deep elf knight (D)
  A spriggan druid (D)
  7 swamp dragons (D)
  A sea snake (D)
  A death drake (D)
  An orc knight (D)
  A lindwurm (D)
  5 deep elf magi (D)
  2 black mambas (D)
  2 elephants (D)
  2 cane toads (D)
  A rime drake (D)
  Edmund (D)
  A komodo dragon (D)
  A queen bee (D)
  2 tyrant leeches (D)
  3 wandering mushrooms (D)
  2 dream sheep (D)
  8 blink frogs (D)
  5 redbacks (D)
  A shadow (D)
  2 spriggans (D)
  A spatial vortex (D)
  A hydra simulacrum (D)
  3 swamp drakes (D)
  3 orc warriors (D)
  A black mamba simulacrum (D)
  A necrophage (D)
  5 two-headed ogres (D)
  A water elemental (D)
  32 killer bees (D)
  2 orc priests (D)
  A wizard (D)
  A jelly (D)
  2 orc wizards (D)
  Jessica (D)
  A necromancer (D)
  A polar bear simulacrum (D)
  A wolf simulacrum (D)
  A kobold demonologist (D)
  3 humans (D)
  A wolf (D)
  An ooze (D)
  9 orcs (D)
  A kobold (D)
  2 rats (D)
149 creatures vanquished.

Vanquished Creatures (others)
  2 hydras (D)
  An electric eel (D)
  99 foxfires (D)
  15 plants (D)
117 creatures vanquished.

Grand Total: 266 creatures vanquished

Notes
Turn   | Place    | Note
-------+----------+-------------------------------------------
     0 | D        | iamoutofideas the Deep Elf Fire Elementalist began the
                  | quest for the Orb.
     0 | D        | Reached XP level 1. HP: 10/10 MP: 6/6
   167 | D        | Noticed Jessica
   176 | D        | Killed Jessica
   177 | D        | Reached skill level 4 in Spellcasting
   177 | D        | Reached skill level 5 in Fire Magic
   177 | D        | Reached XP level 2. HP: 12/15 MP: 1/9
   177 | D        | Reached XP level 3. HP: 15/19 MP: 1/11
   263 | D        | Learned a level 3 spell: Inner Flame
   267 | D        | Learned a level 3 spell: Conjure Flame
   285 | D        | Reached skill level 5 in Spellcasting
   407 | D        | Gained mutation: Your system is resistant to poisons.
                  | (rPois) [potion of mutation]
   407 | D        | Gained mutation: You are dopey. (Int -2) [potion of
                  | mutation]
   407 | D        | Gained mutation: Your body sometimes deteriorates upon
                  | taking damage. [potion of mutation]
   407 | D        | Gained mutation: You are partially covered in iridescent
                  | scales. (AC +2) [potion of mutation]
   408 | D        | Lost mutation: You are dopey. (Int -2) [potion of mutation]
   408 | D        | Lost mutation: Your body sometimes deteriorates upon taking
                  | damage. [potion of mutation]
   408 | D        | Lost mutation: Your system is resistant to poisons. (rPois)
                  | [potion of mutation]
   408 | D        | Gained mutation: You do not regenerate when monsters are
                  | visible. [potion of mutation]
   408 | D        | Gained mutation: You have a pair of small antennae on your
                  | head. [potion of mutation]
   409 | D        | Lost mutation: You have a pair of small antennae on your
                  | head. [potion of mutation]
   409 | D        | Lost mutation: You are partially covered in iridescent
                  | scales. (AC +2) [potion of mutation]
   409 | D        | Gained mutation: You have a pair of small horns on your
                  | head. [potion of mutation]
   409 | D        | Gained mutation: Your mind is acute. (Int +2) [potion of
                  | mutation]
   410 | D        | Lost mutation: Your mind is acute. (Int +2) [potion of
                  | mutation]
   410 | D        | Lost mutation: You have a pair of small horns on your head.
                  | [potion of mutation]
   410 | D        | Lost mutation: You do not regenerate when monsters are
                  | visible. [potion of mutation]
   410 | D        | Gained mutation: You do not regenerate when monsters are
                  | visible. [potion of mutation]
   410 | D        | Gained mutation: You are partially covered in iridescent
                  | scales. (AC +2) [potion of mutation]
   445 | D        | Noticed a water elemental
   449 | D        | Killed a water elemental
   450 | D        | Reached skill level 6 in Spellcasting
   450 | D        | Reached XP level 4. HP: 24/24 MP: 10/14
   510 | D        | Found a basalt altar of Yredelemnul.
   510 | D        | Found a shadowy altar of Dithmenos.
   510 | D        | Found a sacrificial altar of Ru.
   510 | D        | Noticed a necrophage
   516 | D        | Killed a necrophage
   517 | D        | Reached skill level 5 in Dodging
   517 | D        | Reached skill level 5 in Stealth
   517 | D        | Reached skill level 7 in Spellcasting
   517 | D        | Reached XP level 5. HP: 17/28 MP: 10/17
   519 | D        | Reached skill level 8 in Spellcasting
   533 | D        | Learned a level 5 spell: Fireball
   538 | D        | Learned a level 4 spell: Sticky Flame
   642 | D        | Found a radiant altar of Vehumet.
   642 | D        | Found a shimmering blue altar of Sif Muna.
   642 | D        | Found an ancient bone altar of Kikubaaqudgha.
   645 | D        | Reached skill level 10 in Fire Magic
   645 | D        | Reached XP level 6. HP: 8/32 MP: 7/19
   722 | D        | Became a worshipper of Vehumet
   882 | D        | Found a glowing silver altar of Zin.
   882 | D        | Found a glowing golden altar of the Shining One.
   882 | D        | Found a white marble altar of Elyvilon.
   884 | D        | Noticed a deep elf mage
   888 | D        | Killed a deep elf mage
   889 | D        | Reached skill level 11 in Spellcasting
   889 | D        | Reached XP level 7. HP: 12/36 MP: 4/23
  1090 | D        | Found a hide-covered altar of Uskayaw.
  1090 | D        | Found a roughly hewn altar of Beogh.
  1090 | D        | Found an iron altar of Okawaru.
  1090 | D        | Found a bloodstained altar of Trog.
  1090 | D        | Found an ornate altar of the Wu Jian Council.
  1090 | D        | Noticed a human
  1092 | D        | Killed a human
  1093 | D        | Killed a human
  1093 | D        | Reached * piety under Vehumet
  1093 | D        | Offered knowledge of Shock by Vehumet.
  1094 | D        | Reached skill level 12 in Spellcasting
  1176 | D        | Noticed a shadow
  1178 | D        | Killed a shadow
  1179 | D        | Reached XP level 8. HP: 41/41 MP: 14/26
  1265 | D        | Found a blossoming altar of Fedhas.
  1265 | D        | Found a stormy altar of Qazlal.
  1265 | D        | Found a snail-covered altar of Cheibriados.
  1265 | D        | Found a burning altar of Makhleb.
  1265 | D        | Found a shimmering altar of Xom.
  1266 | D        | Found a hazy altar of Hepliaklqana.
  1266 | D        | Found an opulent altar of Gozag.
  1266 | D        | Found a sparkling altar of Nemelex Xobeh.
  1266 | D        | Found a corrupted altar of Lugonu.
  1266 | D        | Found a viscous altar of Jiyva.
  1373 | D        | Reached ** piety under Vehumet
  1373 | D        | Offered knowledge of Freeze by Vehumet.
  1374 | D        | Reached skill level 13 in Spellcasting
  1376 | D        | Reached skill level 10 in Conjurations
  1481 | D        | Noticed a two-headed ogre
  1496 | D        | Killed a two-headed ogre
  1497 | D        | Noticed Erolcha
  1501 | D        | Killed Erolcha
  1501 | D        | Reached *** piety under Vehumet
  1502 | D        | Reached skill level 14 in Spellcasting
  1502 | D        | Reached XP level 9. HP: 29/45 MP: 14/29
  1621 | D        | Noticed a two-headed ogre
  1640 | D        | Killed a two-headed ogre
  1640 | D        | Offered knowledge of Dazzling Flash by Vehumet.
  1641 | D        | Reached skill level 15 in Spellcasting
  2096 | D        | Learned a level 3 spell: Dazzling Flash
  2097 | D        | Noticed a wandering mushroom
  2103 | D        | Killed a wandering mushroom
  2103 | D        | Offered knowledge of Hailstorm by Vehumet.
  2106 | D        | Noticed a wandering mushroom
  2106 | D        | Noticed a wandering mushroom
  2111 | D        | Learned a level 4 spell: Hailstorm
  2112 | D        | Killed a wandering mushroom
  2112 | D        | Reached **** piety under Vehumet
  2115 | D        | Killed a wandering mushroom
  2115 | D        | Offered knowledge of Stone Arrow by Vehumet.
  2116 | D        | Reached skill level 16 in Spellcasting
  2116 | D        | Reached skill level 15 in Fire Magic
  2253 | D        | Learned a level 3 spell: Stone Arrow
  2392 | D        | Reached ***** piety under Vehumet
  2392 | D        | Offered knowledge of Freezing Cloud by Vehumet.
  2395 | D        | Noticed an orc knight
  2402 | D        | Reached XP level 10. HP: 42/50 MP: 10/32
  2410 | D        | Killed an orc knight
  2414 | D        | Found Huefe's Magic Scroll Shop.
  2452 | D        | Reached ****** piety under Vehumet
  2640 | D        | Bought a scroll of fear for 35 gold pieces
  2640 | D        | Bought a scroll of identify for 20 gold pieces
  2640 | D        | Bought a scroll of identify for 20 gold pieces
  2640 | D        | Bought a scroll of identify for 20 gold pieces
  2640 | D        | Bought a scroll of amnesia for 35 gold pieces
  2640 | D        | Bought a scroll of fear for 35 gold pieces
  2640 | D        | Bought a scroll of enchant armour for 75 gold pieces
  2640 | D        | Bought a scroll of fog for 20 gold pieces
  2640 | D        | Bought a scroll of identify for 20 gold pieces
  2640 | D        | Bought a scroll of identify for 20 gold pieces
  2640 | D        | Bought a scroll of remove curse for 30 gold pieces
  2640 | D        | Bought a scroll of remove curse for 30 gold pieces
  2650 | D        | Learned a level 6 spell: Freezing Cloud
  2665 | D        | Noticed a deep elf mage
  2665 | D        | Noticed a deep elf knight
  2665 | D        | Noticed a deep elf mage
  2665 | D        | Noticed a deep elf mage
  2665 | D        | Noticed a deep elf mage
  2679 | D        | Killed a deep elf mage
  2683 | D        | Killed a deep elf knight
  2684 | D        | Killed a deep elf mage
  2684 | D        | Offered knowledge of Ozocubu's Refrigeration by Vehumet.
  2685 | D        | Reached skill level 5 in Ice Magic
  2685 | D        | Reached skill level 5 in Air Magic
  2688 | D        | Killed a deep elf mage
  2699 | D        | Killed a deep elf mage
  2822 | D        | Learned a level 6 spell: Ozocubu's Refrigeration
  2834 | D        | Noticed a deep elf high priest
  2835 | D        | Noticed a deep elf demonologist
  2837 | D        | Noticed a green death
  2841 | D        | Noticed a Brimstone Fiend
  3130 | D        | Identified the +6 mace of Wufoaps {flame, rC++ Int+3 Dex-2
                  | Stlth+}
  3130 | D        | Noticed a deep elf annihilator
  3132 | D        | Noticed a deep elf high priest
  3137 | D        | Noticed a deep elf demonologist
  3137 | D        | Killed a deep elf high priest
  3138 | D        | Reached skill level 17 in Spellcasting
  3138 | D        | Noticed a deep elf master archer
  3139 | D        | Killed a deep elf high priest
  3139 | D        | Killed a deep elf annihilator
  3140 | D        | Reached skill level 18 in Spellcasting
  3140 | D        | Reached XP level 11. HP: 34/54 MP: 19/35
  3140 | D        | Killed a deep elf annihilator
  3140 | D        | Killed a deep elf demonologist
  3141 | D        | Reached skill level 15 in Conjurations
  3142 | D        | Killed a deep elf master archer
  3143 | D        | Reached skill level 19 in Spellcasting
  3482 | D        | Killed a deep elf demonologist
  3482 | D        | Offered knowledge of Lightning Bolt by Vehumet.
  3483 | D        | Reached skill level 20 in Spellcasting
  3627 | D        | Got a sparkling tin ring
  3627 | D        | Got a crude turquoise ring
  3628 | D        | Identified Sif Muna's Almanac of Air
  3646 | D        | Identified the ring of Jaing {rElec rPois rC++ Dex-5
                  | Slay+4} (You found it in the Dungeon)
  3647 | D        | Identified the ring of Intercession {Fire *Contam Str+6
                  | Stlth+} (You found it in the Dungeon)
  3730 | D        | Learned a level 3 spell: Mephitic Cloud
  3733 | D        | Learned a level 2 spell: Blink
  3739 | D        | Learned a level 5 spell: Metabolic Englaciation
  3743 | D        | Learned a level 2 spell: Swiftness
  3747 | D        | Offered knowledge of Starburst by Vehumet.
  3948 | D        | Killed an eight-headed hydra
  4006 | D        | Offered knowledge of Lee's Rapid Deconstruction by Vehumet.
  4007 | D        | Reached skill level 21 in Spellcasting
  4007 | D        | Reached XP level 12. HP: 22/59 MP: 28/39
  4101 | D        | Killed an eight-headed hydra
  4649 | D        | Offered knowledge of Bolt of Magma by Vehumet.
  4651 | D        | Reached skill level 1 in Translocations
  4733 | D        | Noticed Urug
  4739 | D        | Killed Urug
  4900 | D        | Learned a level 5 spell: Bolt of Magma
  5037 | D        | Reached skill level 22 in Spellcasting
  5183 | D        | Found a blossoming altar of Fedhas.
  5188 | D        | Reached skill level 1 in Fighting
  5275 | D        | Offered knowledge of Lehudib's Crystal Spear by Vehumet.
  5290 | D        | Got a brightly glowing hand axe
  5305 | D        | Learned a level 8 spell: Lehudib's Crystal Spear
  5399 | D        | Identified the cursed +1 hand axe of Wounding {freeze,
                  | Str+4 Int+4} (You found it in the Dungeon)
  5434 | D        | Noticed Sigmund
  5434 | D        | Noticed Edmund
  5439 | D        | Killed Sigmund
  5440 | D        | Reached skill level 23 in Spellcasting
  5440 | D        | Killed Edmund
  5676 | D        | Noticed a dire elephant
  5676 | D        | Noticed a dire elephant
  5678 | D        | Noticed Gastronok
  5684 | D        | Killed a dire elephant
  5686 | D        | Killed Gastronok
  5686 | D        | Offered knowledge of Shatter by Vehumet.
  5686 | D        | Offered knowledge of Tornado by Vehumet.
  5686 | D        | Offered knowledge of Ignition by Vehumet.
  5687 | D        | Reached skill level 24 in Spellcasting
  5687 | D        | Reached XP level 13. HP: 36/64 MP: 10/43
  5689 | D        | Killed a dire elephant
  5851 | D        | Noticed an azure jelly
  5851 | D        | Noticed an azure jelly
  5851 | D        | Noticed an azure jelly
  5852 | D        | Noticed an azure jelly
  5855 | D        | Noticed Rupert
  5861 | D        | Killed Rupert
  5862 | D        | Reached skill level 25 in Spellcasting
  5968 | D        | Learned a level 8 spell: Ignition
  5977 | D        | Reached skill level 1 in Hexes
  6162 | D        | Reached skill level 10 in Dodging
  6162 | D        | Reached skill level 26 in Spellcasting
  6246 | D        | Noticed the 27-headed Lernaean hydra
  6394 | D        | Killed the 27-headed Lernaean hydra
  6395 | D        | Reached skill level 27 in Spellcasting
  6395 | D        | Reached skill level 5 in Earth Magic
  6611 | D        | Found Pagiulle's Jewellery Shoppe.
  6611 | D        | Found Heohehur's Magic Scroll Boutique.
  6611 | D        | Found Yssaupp's Antique Armour Emporium.
  6674 | D        | Bought a scroll of magic mapping for 38 gold pieces
  6674 | D        | Bought a scroll of identify for 22 gold pieces
  6674 | D        | Bought a scroll of identify for 22 gold pieces
  6674 | D        | Bought a scroll of identify for 22 gold pieces
  6674 | D        | Bought a scroll of immolation for 38 gold pieces
  6687 | D        | Got a decaying rune of Zot
  6813 | D        | Bought an uncursed ring of positive energy for 240 gold
                  | pieces
  6813 | D        | Bought an uncursed ring of positive energy for 240 gold
                  | pieces
  7082 | D        | Noticed Polyphemus
  7340 | D        | Noticed Ilsuiw
  7343 | D        | Killed Ilsuiw
  7429 | D        | Noticed a merfolk javelineer
  7431 | D        | Killed a merfolk javelineer
  7646 | D        | Found Qoptoteh's Jewellery Emporium.
  7646 | D        | Found Joguphe's Antique Armour Shop.
  7655 | D        | Found Yfuotuus's Distillery.
  7659 | D        | Hit by a large rock thrown by Polyphemus

Illustrated notes

Levels and vault maps discovered:
D:        dungeon_sprint_mu [sprint_mu_entry_forest, sprint_mu_temple_rooms,
          sprint_mu_d1_spiders, sprint_mu_d2_genie, sprint_mu_d3_branching,
          sprint_mu_orc_legion, sprint_mu_elf_gauntlet, sprint_mu_hive_nellie,
          sprint_mu_lair_fedhas, sprint_mu_vaults_butterflies,
          sprint_mu_slime_circle, sprint_mu_swamp_cave, sprint_mu_shoals_archi,
          sprint_mu_blade_basic, sprint_mu_crypt_lich, sprint_mu_tomb_spiral,
          sprint_mu_vestibule_basic, sprint_mu_gehenna_hellfire,
          sprint_mu_dis_giant, sprint_mu_tartarus_statrot,
          sprint_mu_cocytus_islands, sprint_mu_zot1]

Skill      XL: |  1  2  3  4  5  6  7  8  9 10 11 12 13 |
---------------+----------------------------------------+-----
Fire Magic     | 5 8 9 10 11 12 14 15 16 17 18 | 18.3
Dodging        | 3 4 5 8 13 | 13.1
Stealth        | 3 4 5 |  5.2
Spellcasting   | 4 6 7 8 11 12 14 16 18 21 24 27 | 27.0
Conjurations   | 2 3 4 7 9 11 13 14 16 17 19 | 19.0
Ice Magic      | 8 |  8.0
Air Magic      | 6 |  6.9
Translocations | 1 |  1.3
Fighting       | 1 3 |  3.6
Shields        | 4 |  4.0
Earth Magic    | 3 7 |  7.8
Hexes          | 1 |  1.7
Poison Magic   | |  0.1

Action                   |  1- 3 |  4- 6 |  7- 9 | 10-12 | 13-15 || total
-------------------------+-------+-------+-------+-------+-------++-------
 Cast: Foxfire           |    26 |    10 |    20 |     3 |       ||    59
       Fireball          |       |     5 |    31 |    36 |    15 ||    87
       Sticky Flame      |       |       |     3 |     2 |       ||     5
       Conjure Flame     |       |       |     1 |     2 |       ||     3
       Stone Arrow       |       |       |       |    21 |       ||    21
       Freezing Cloud    |       |       |       |     6 |     5 ||    11
       Ozocubu's Refrige |       |       |       |    23 |    14 ||    37
       Mephitic Cloud    |       |       |       |     4 |     2 ||     6
       Blink             |       |       |       |     2 |       ||     2
       Hailstorm         |       |       |       |     2 |       ||     2
       Lehudib's Crystal |       |       |       |     1 |    18 ||    19
       Bolt of Magma     |       |       |       |     1 |       ||     1
       Metabolic Englaci |       |       |       |     1 |       ||     1
       Ignition          |       |       |       |       |     1 ||     1
  Use: Potion            |     4 |       |     1 |     7 |     1 ||    13
       Scroll            |       |     1 |     1 |    12 |     2 ||    16
Armor: Robe              |     1 |       |       |     1 |       ||     2
Dodge: Dodged            |     4 |     3 |     3 |    26 |     2 ||    38
Block: Buckler           |       |       |       |       |     2 ||     2

Table legend: (Time is in decaauts)
 A = Elapsed time spent in this place.
 B = Non-inter-level travel time spent in this place.
 C = Inter-level travel time spent in this place.
 D = Time resting spent in this place.
 E = Time spent auto-exploring this place.
 F = Levels seen in this place.
 G = Mean time per level.
                   A        B        C        D        E       F      G
               +--------+--------+--------+--------+--------+-----+--------+
         Total |   7709 |   7207 |    502 |   5762 |     10 |   1 | 7709.0 |
       Dungeon |   7709 |   7207 |    502 |   5762 |     10 |   1 | 7709.0 |
               +--------+--------+--------+--------+--------+-----+--------+

Top non-repeatable levels by time:
       D: 7709 daAuts
